PUBAAA
OTTAWA-NEPEAN CANADIANS @ TOWN AND COUNTRY ELECTRIC EELS
07/11/1972
 
TOP OF THE 1ST
Ottawa-Nepean Canadians batting - Pitching for Town and Country Electric Eels : RHP José Bonilla
Pitching: RHP José Bonilla
Batting: LHB Bobby Tolan 0-0: Ball
1-0: Foul Ball, location: 5SF
1-1: Foul Ball, location: 2F
1-2: SINGLE (Line Drive, 8RS, EV 108.1 MPH)
Batting: RHB Jack Anderson 0-0: Called Strike
Bobby Tolan is caught stealing 2nd base 2-4
0-1: Ball
1-1: Ball
2-1: Ball
3-1: Base on Balls
Batting: LHB Jesús Sánchez 0-0: Ball
1-0: Called Strike
1-1: Swinging Strike
1-2: Ball
2-2: Ball
3-2: Base on Balls
Jack Anderson to second
Batting: LHB Sinfronio Querubin 0-0: Ball
1-0: Called Strike
1-1: Foul Ball, location: 3FF
1-2: Fly out, F7 (Flyball, 7S, EV 88.1 MPH)
Batting: RHB Josh Watson 0-0: Called Strike
0-1: Ball
1-1: Ball
2-1: Swinging Strike
2-2: Foul Ball, location: 2F
2-2: Ball
3-2: Foul Ball, location: 5FF
3-2: Strikes out looking
Top of the 1st over - 0 runs, 1 hit, 0 errors, 2 left on base; Ottawa-Nepean 0 - Town and Country 0
BOTTOM OF THE 1ST
Town and Country Electric Eels batting - Pitching for Ottawa-Nepean Canadians : RHP Jerry Miller
Pitching: RHP Jerry Miller
Batting: LHB Eric Davis 0-0: Ball
1-0: Called Strike
1-1: Ball
2-1: Called Strike
2-2: Strikes out swinging
Batting: RHB Jose Cardenal 0-0: Ground out 5-3 (Groundball, 56, EV 103.1 MPH)
Batting: RHB Jeff James 0-0: Swinging Strike
0-1: Called Strike
0-2: Strikes out swinging
Bottom of the 1st over - 0 runs, 0 hits, 0 errors, 0 left on base; Ottawa-Nepean 0 - Town and Country 0
TOP OF THE 2ND
Ottawa-Nepean Canadians batting - Pitching for Town and Country Electric Eels : RHP José Bonilla
Batting: LHB Charlie Sands 0-0: Ball
1-0: Called Strike
1-1: Foul Ball, location: 2F
1-2: Strikes out swinging
Batting: RHB John Vandeusen 0-0: Ball
1-0: Ball
2-0: Ball
3-0: Base on Balls
Batting: RHB Glenn Byrd 0-0: Called Strike
0-1: Ball
1-1: Ball
John Vandeusen is caught stealing 2nd base 2-4
2-1: Ball
3-1: Swinging Strike
3-2: Ground out 5-3 (Groundball, 56, EV 99.4 MPH)
Top of the 2nd over - 0 runs, 0 hits, 0 errors, 0 left on base; Ottawa-Nepean 0 - Town and Country 0
BOTTOM OF THE 2ND
Town and Country Electric Eels batting - Pitching for Ottawa-Nepean Canadians : RHP Jerry Miller
Batting: RHB Joshua Karpel 0-0: Called Strike
0-1: Ball
1-1: Fly out, F9 (Line Drive, 9D, EV 100.0 MPH)
Batting: SHB Francis Wiggins 0-0: Called Strike
0-1: Ball
1-1: Ball
2-1: Foul Ball, location: 2F
2-2: Ball
3-2: Strikes out looking
Batting: RHB Jon Davis 0-0: Fly out, F6 (Popup, 6D, EV 54.4 MPH)
Bottom of the 2nd over - 0 runs, 0 hits, 0 errors, 0 left on base; Ottawa-Nepean 0 - Town and Country 0
TOP OF THE 3RD
Ottawa-Nepean Canadians batting - Pitching for Town and Country Electric Eels : RHP José Bonilla
Batting: RHB Fred Clark 0-0: Called Strike
0-1: Ball
1-1: Swinging Strike
1-2: Ball
2-2: Ground out 4-3 (Groundball, 4, EV 79.4 MPH)
Batting: LHB Bobby Tolan 0-0: Swinging Strike
0-1: Ground out 4-3 (Groundball, 34, EV 101.9 MPH)
Batting: RHB Jack Anderson 0-0: Ball
1-0: Ball
2-0: Ball
3-0: Called Strike
3-1: SOLO HOME RUN (Flyball, 78XD, EV 103.1 MPH), Distance : 408 ft
Batting: LHB Jesús Sánchez 0-0: Ground out 4-3 (Groundball, 4, EV 105.0 MPH)
Top of the 3rd over - 1 run, 1 hit, 0 errors, 0 left on base; Ottawa-Nepean 1 - Town and Country 0
BOTTOM OF THE 3RD
Town and Country Electric Eels batting - Pitching for Ottawa-Nepean Canadians : RHP Jerry Miller
Batting: RHB Alberto Sánchez 0-0: Ball
1-0: Foul Ball, location: 5FF
1-1: Ball
2-1: Fly out, F9 (Flyball, 9, EV 98.1 MPH)
Batting: RHB Roy Meeks 0-0: Called Strike
0-1: Fly out, F8 (Flyball, 8RD, EV 84.4 MPH)
Batting: RHB Jeremy Allen 0-0: Called Strike
0-1: Ball
1-1: Swinging Strike
1-2: Ball
2-2: Ball
3-2: Foul Ball, location: 5F
3-2: Fly out, F7 (Flyball, 7, EV 97.5 MPH)
Bottom of the 3rd over - 0 runs, 0 hits, 0 errors, 0 left on base; Ottawa-Nepean 1 - Town and Country 0
TOP OF THE 4TH
Ottawa-Nepean Canadians batting - Pitching for Town and Country Electric Eels : RHP José Bonilla
Batting: LHB Sinfronio Querubin 0-0: Ball
1-0: Ball
2-0: Called Strike
2-1: Foul Ball, location: 7LMF
2-2: Ball
3-2: Base on Balls
Batting: RHB Josh Watson 0-0: Ball
1-0: Ball
2-0: Foul Ball, location: 23F
2-1: Foul Ball, location: 23F
2-2: Foul Ball, location: 2F
2-2: Foul Ball, location: 3F
2-2: Foul Ball, location: 2F
2-2: Strikes out swinging
Batting: LHB Charlie Sands 0-0: Foul Ball, location: 23FF
0-1: Foul Ball, location: 2RF
0-2: Strikes out swinging
Batting: RHB John Vandeusen 0-0: Ball
1-0: Ball
2-0: Called Strike
2-1: Ball
3-1: Swinging Strike
3-2: Strikes out looking
Top of the 4th over - 0 runs, 0 hits, 0 errors, 1 left on base; Ottawa-Nepean 1 - Town and Country 0
BOTTOM OF THE 4TH
Town and Country Electric Eels batting - Pitching for Ottawa-Nepean Canadians : RHP Jerry Miller
Batting: LHB Eric Davis 0-0: Swinging Strike
0-1: Ball
1-1: Ball
2-1: Called Strike
2-2: Ground out 4-3 (Groundball, 4, EV 98.1 MPH)
Batting: RHB Jose Cardenal 0-0: Called Strike
0-1: Ball
1-1: Ground out U3 (Groundball, 3, EV 85.6 MPH)
Batting: RHB Jeff James 0-0: Called Strike
0-1: Ball
1-1: Called Strike
1-2: Ball
2-2: Ball
3-2: Foul Ball, location: 9LSF
3-2: Base on Balls
Batting: RHB Joshua Karpel 0-0: Called Strike
0-1: Called Strike
0-2: Fly out, F9 (Flyball, 89M, EV 91.3 MPH)
Bottom of the 4th over - 0 runs, 0 hits, 0 errors, 1 left on base; Ottawa-Nepean 1 - Town and Country 0
TOP OF THE 5TH
Ottawa-Nepean Canadians batting - Pitching for Town and Country Electric Eels : RHP José Bonilla
Batting: RHB Glenn Byrd 0-0: Called Strike
0-1: Ball
1-1: Ball
2-1: Foul Ball, location: 9LSF
2-2: Ball
3-2: Foul Ball, location: 7LMF
3-2: Strikes out swinging
Batting: RHB Fred Clark 0-0: Ball
1-0: Fly out, F7 (Flyball, 78M, EV 88.8 MPH)
Batting: LHB Bobby Tolan 0-0: Foul Ball, location: 2F
0-1: SINGLE (Line Drive, 6M, EV 95.0 MPH)
Batting: RHB Jack Anderson 0-0: Ground out 4-3 (Groundball, 4, EV 85.6 MPH)
Top of the 5th over - 0 runs, 1 hit, 0 errors, 1 left on base; Ottawa-Nepean 1 - Town and Country 0
BOTTOM OF THE 5TH
Town and Country Electric Eels batting - Pitching for Ottawa-Nepean Canadians : RHP Jerry Miller
Batting: SHB Francis Wiggins 0-0: Ball
1-0: DOUBLE (Line Drive, 78M, EV 93.1 MPH)
Batting: RHB Jon Davis 0-0: Ball
1-0: Called Strike
1-1: Ball
2-1: Foul Ball, location: 3F
2-2: Fly out, F8 (Line Drive, 78M, EV 92.5 MPH)
Batting: RHB Alberto Sánchez 0-0: Called Strike
0-1: Ball
Passed Ball!
Francis Wiggins to third
1-1: Ball
2-1: Ball
3-1: Foul Ball, location: 23F
3-2: 2-RUN HOME RUN (Flyball, 7LD, EV 93.8 MPH), Distance : 342 ft
Batting: RHB Roy Meeks 0-0: Swinging Strike
0-1: Ball
1-1: Ground out 3-1 (Groundball, 34, EV 100.6 MPH)
Batting: RHB Jeremy Allen 0-0: Swinging Strike
0-1: Foul Ball, location: 9LMF
0-2: Foul Ball, location: 2F
0-2: Ball
1-2: Strikes out swinging
Bottom of the 5th over - 2 runs, 2 hits, 0 errors, 0 left on base; Ottawa-Nepean 1 - Town and Country 2
TOP OF THE 6TH
Ottawa-Nepean Canadians batting - Pitching for Town and Country Electric Eels : RHP José Bonilla
Batting: LHB Jesús Sánchez 0-0: Ground out U3 (Groundball, 3, EV 61.3 MPH)
Batting: LHB Sinfronio Querubin 0-0: Ball
1-0: Ball
2-0: SOLO HOME RUN (Flyball, 89XD, EV 97.5 MPH), Distance : 393 ft
Batting: RHB Josh Watson 0-0: Ball
1-0: Foul Ball, location: 5F
1-1: Ground out 6-3 (Groundball, 6, EV 89.4 MPH)
Batting: LHB Charlie Sands 0-0: Fly out, F8 (Flyball, 78M, EV 95.0 MPH)
Top of the 6th over - 1 run, 1 hit, 0 errors, 0 left on base; Ottawa-Nepean 2 - Town and Country 2
BOTTOM OF THE 6TH
Town and Country Electric Eels batting - Pitching for Ottawa-Nepean Canadians : RHP Jerry Miller
Batting: LHB Eric Davis 0-0: Ball
1-0: SINGLE (Groundball, 34D, EV 97.5 MPH)
Batting: RHB Jose Cardenal 0-0: Called Strike
0-1: Ball
1-1: Called Strike
1-2: Foul Ball, location: 3F
1-2: Ball
2-2: Ball
3-2: Fly out, F7 (Line Drive, 7, EV 102.5 MPH)
Batting: RHB Jeff James 0-0: Ball
1-0: Swinging Strike
1-1: Ball
2-1: Ball
3-1: Base on Balls
Eric Davis to second
Batting: RHB Joshua Karpel 0-0: Ball
1-0: Ball
2-0: Ball
3-0: Called Strike
3-1: Foul Ball, location: 2F
3-2: Grounds into double play, 1-4-3 (Groundball, 15S, EV 70.6 MPH)
Bottom of the 6th over - 0 runs, 1 hit, 0 errors, 1 left on base; Ottawa-Nepean 2 - Town and Country 2
TOP OF THE 7TH
Ottawa-Nepean Canadians batting - Pitching for Town and Country Electric Eels : RHP José Bonilla
Pinch Hitting: LHB José Román 0-0: Called Strike
0-1: Hit by Pitch
Pinch Hitting: LHB Dave Anderson 0-0: Foul Ball, location: 2F
0-1: Swinging Strike
0-2: Ball
1-2: Strikes out swinging
Pinch Hitting: LHB Phil Davis 0-0: Ball
1-0: Fly out, F8 (Flyball, 8RD, EV 78.8 MPH)
Batting: LHB Bobby Tolan 0-0: Swinging Strike
0-1: Foul Ball, location: 9LSF
0-2: Ball
1-2: Ball
2-2: Strikes out swinging
Top of the 7th over - 0 runs, 0 hits, 0 errors, 1 left on base; Ottawa-Nepean 2 - Town and Country 2
BOTTOM OF THE 7TH
Town and Country Electric Eels batting - Pitching for Ottawa-Nepean Canadians : RHP Jerry Miller
Pitching: RHP Darrell Young
Now at 2B: Steve Morris
Now at SS: Marty Perez
Now in CF: Kurt Robinson
Batting: SHB Francis Wiggins 0-0: Ball
1-0: Ball
2-0: Ball
3-0: Called Strike
3-1: Foul Ball, location: 5DF
3-2: Strikes out swinging, 2-3 out at first.
Batting: RHB Jon Davis 0-0: Foul Ball, location: 25F
0-1: SINGLE (Flyball, 56D, EV 91.9 MPH)
Pinch Hitting: LHB Sancho Cortéz 0-0: Ball
1-0: Ball
Jon Davis is caught stealing 2nd base 2-6
2-0: Swinging Strike
2-1: Called Strike
2-2: Foul Ball, location: 7LMF
2-2: SOLO HOME RUN (Flyball, 89XD, EV 106.3 MPH), Distance : 397 ft
Batting: RHB Roy Meeks 0-0: Ball
1-0: Foul Ball, location: 9LSF
1-1: Ball
2-1: Swinging Strike
2-2: Ground out 5-3 (Groundball, 56, EV 103.1 MPH)
Bottom of the 7th over - 1 run, 2 hits, 0 errors, 0 left on base; Ottawa-Nepean 2 - Town and Country 3
TOP OF THE 8TH
Ottawa-Nepean Canadians batting - Pitching for Town and Country Electric Eels : RHP José Bonilla
Now in RF: Rabi Sajid
Batting: RHB Jack Anderson 0-0: Called Strike
0-1: Ball
1-1: Foul Ball, location: 2F
1-2: Ball
2-2: Ball
3-2: SOLO HOME RUN (Flyball, 8RXD, EV 109.4 MPH), Distance : 439 ft
Pitching: RHP Colm Johnson
Batting: LHB Jesús Sánchez 0-0: Foul Ball, location: 25FF
0-1: Ball
1-1: Called Strike
1-2: Foul Ball, location: 3DF
1-2: Ball
2-2: Foul Ball, location: 2F
2-2: DOUBLE (Line Drive, 89D, EV 105.6 MPH)
Batting: LHB Sinfronio Querubin 0-0: Intentional Walk
Pinch Runner at 2nd Jesús Cantú:
Pinch Hitting: LHB Pepe Molina 0-0: Called Strike
0-1: Ball
1-1: Foul Ball, location: 3FF
1-2: SINGLE (Groundball, 6M, EV 95.0 MPH)
Jesús Cantú to third
Sinfronio Querubin to second
Batting: LHB Charlie Sands 0-0: Called Strike
0-1: Ball
1-1: Swinging Strike
1-2: Ball
2-2: Ball
3-2: Foul Ball, location: 7LSF
3-2: SINGLE (Flyball, 56D, EV 85.6 MPH)
Jesús Cantú scores
Sinfronio Querubin to third
Pepe Molina to second
Batting: RHB Kurt Robinson 0-0: Ball
1-0: Foul Ball, location: 5SF
1-1: Ball
2-1: SINGLE (Groundball, 56D, EV 95.6 MPH)
Sinfronio Querubin scores
Pepe Molina to third
Charlie Sands to second
Batting: RHB Marty Perez 0-0: Ball
1-0: Ball
2-0: Ball
3-0: Base on Balls
Pepe Molina scores
Charlie Sands to third
Kurt Robinson to second
Batting: LHB Steve Morris 0-0: Ball
1-0: Ball
2-0: Ball
3-0: Base on Balls
Charlie Sands scores
Kurt Robinson to third
Marty Perez to second
Pitching: RHP Terry Hankins
Batting: LHB Bobby Tolan 0-0: Called Strike
0-1: Foul Ball, location: 2RF
0-2: Grounds into double play, 1-2-3 (Groundball, 34S, EV 66.3 MPH)
Marty Perez to third
Steve Morris to second
Batting: RHB Jack Anderson 0-0: Called Strike
0-1: Ball
1-1: Ground out 4-3 (Groundball, 4, EV 91.9 MPH)
Top of the 8th over - 5 runs, 5 hits, 0 errors, 2 left on base; Ottawa-Nepean 7 - Town and Country 3
BOTTOM OF THE 8TH
Town and Country Electric Eels batting - Pitching for Ottawa-Nepean Canadians : RHP Darrell Young
Now at 1B: Brad Bowman
Now at 3B: Van Kelly
Now in RF: Pepe Molina
Batting: RHB Jeremy Allen 0-0: Ball
1-0: Ball
2-0: Called Strike
2-1: Ball
3-1: Foul Ball, location: 25F
3-2: Foul Ball, location: 5FF
3-2: Strikes out looking
Batting: LHB Eric Davis 0-0: Called Strike
0-1: Ball
1-1: Swinging Strike
1-2: Ball
2-2: Ball
3-2: Foul Ball, location: 25FF
3-2: DOUBLE (Flyball, 8LXD, EV 94.4 MPH)
Batting: RHB Jose Cardenal 0-0: Ball
1-0: Foul Ball, location: 9LSF
1-1: Ground out 4-3 (Groundball, 4S, EV 86.9 MPH)
Eric Davis to third
Batting: RHB Jeff James 0-0: Called Strike
0-1: Ball
1-1: Ball
2-1: Foul Ball, location: 3DF
2-2: Foul Ball, location: 2F
2-2: Foul Ball, location: 2LF
2-2: Strikes out swinging
Bottom of the 8th over - 0 runs, 1 hit, 0 errors, 1 left on base; Ottawa-Nepean 7 - Town and Country 3
TOP OF THE 9TH
Ottawa-Nepean Canadians batting - Pitching for Town and Country Electric Eels : RHP Terry Hankins
Batting: RHB Brad Bowman 0-0: SINGLE (Groundball, 6MD, EV 98.8 MPH)
Batting: LHB Van Kelly 0-0: Called Strike
0-1: Fly out, F7 (Flyball, 7, EV 82.5 MPH)
Batting: LHB Pepe Molina 0-0: Grounds into double play, 6-4-3 (Groundball, 6, EV 93.1 MPH)
Top of the 9th over - 0 runs, 1 hit, 0 errors, 0 left on base; Ottawa-Nepean 7 - Town and Country 3
BOTTOM OF THE 9TH
Town and Country Electric Eels batting - Pitching for Ottawa-Nepean Canadians : RHP Darrell Young
Batting: RHB Joshua Karpel 0-0: Called Strike
0-1: Fly out, F3 (Popup, 3SF, EV 80.6 MPH)
Batting: SHB Francis Wiggins 0-0: Called Strike
0-1: TRIPLE (Flyball, 78XD, EV 110.6 MPH)
Batting: RHB Jon Davis 0-0: Called Strike
0-1: Ball
1-1: Ball
2-1: Ball
3-1: TRIPLE (Line Drive, 89XD, EV 105.6 MPH)
Francis Wiggins scores
Batting: RHB Rabi Sajid 0-0: Ball
1-0: Ball
2-0: Ball
3-0: Called Strike
3-1: Swinging Strike
3-2: Strikes out swinging
Pitching: RHP Sanatruk Gurvits
Pinch Hitting: LHB Cecil Cooper 0-0: Called Strike
0-1: Ball
1-1: Ball
2-1: Foul Ball, location: 5SF
2-2: DOUBLE (Flyball, 8RXD, EV 91.3 MPH)
Jon Davis scores
Pinch Hitting: LHB Mike Jorgensen 0-0: Ball
1-0: Ball
2-0: Ball
3-0: Called Strike
3-1: Base on Balls
Batting: LHB Eric Davis 0-0: Called Strike
0-1: Ball
1-1: Foul Ball, location: 3F
1-2: Ball
2-2: Fly out, F4 (Popup, 4S, EV 78.8 MPH)
Bottom of the 9th over - 2 runs, 3 hits, 0 errors, 2 left on base; Ottawa-Nepean 7 - Town and Country 5
Tuesday, April 9th , 2024 - OOTP Baseball 24.8 Build 75